Map: Arctic Flowers LE

Players

Gavin

  • Race: Terran Terran
  • League: Master
  • Spawn Location: 1:00

AzNSuPaHeWo

  • Race: Zerg Zerg
  • Spawn Location: 1:00

Watermeloann

  • Race: Zerg Zerg
  • League: Master
  • Spawn Location: 7:00

xetech

  • Race: Protoss Protoss
  • Spawn Location: 7:00

VOD

Have the link to the VOD?

Description

Time

  • Played on: June 15, 2025, 11:57 a.m.
  • Length: 10:04
Show
View Real Time Build Order
Export as new Build Order

Gavin Terran 

Build Orders: Reaper Expand 

Get SALT Encoding   

  12  0:00  SCV  
  13  0:12  SCV  
  14  0:17  Supply Depot  
  14  0:24  SCV  
  15  0:38  SCV  
  15  0:39  Barracks  
  16  0:43  Refinery  
  16  0:50  SCV  
  17  1:02  SCV  
  18  1:14  SCV  
  19  1:26  Orbital Command, Reaper  
  20  1:39  Command Center  
  20  1:45  Supply Depot  
  20  1:52  SCV  
  21  2:03  Bunker, Barracks Reactor  
  21  2:04  SCV  
  22  2:16  SCV  
  23  2:23  Factory  
  23  2:24  Refinery  
  23  2:28  SCV  
  24  2:39  Engineering Bay, Marine x2  
  24  2:40  SCV  
  27  2:51  Orbital Command  
  27  2:52  SCV  
  27  2:58  Marine x2  
  28  3:04  SCV  
  31  3:06  Terran Infantry Weapons Level 1  
  31  3:12  Factory Tech Lab  
  31  3:14  Barracks  
  31  3:16  Marine x2  
  31  3:17  SCV  
  35  3:20  SCV  
  35  3:27  Supply Depot  
  35  3:29  SCV  
  35  3:34  Marine  
  36  3:37  SCV  
  36  3:39  Siege Tank  
  36  3:40  Marine  
  42  3:41  SCV  
  42  3:48  Starport  
  43  3:49  SCV  
  43  3:52  Marine  
  43  3:55  SCV  
  46  3:58  Marine  
  46  4:01  SCV  
  48  4:02  Missile Turret  
  48  4:07  Barracks Tech Lab  
  48  4:09  SCV  
  49  4:11  Siege Tank  
  49  4:13  SCV  
  53  4:17  Supply Depot  
  53  4:21  SCV  
  53  4:23  Starport Reactor  
  54  4:24  Barracks  
  54  4:38  Marine x3  
  54  4:39  SCV x2  
  54  4:41  Supply Depot  
  54  4:43  Siege Tank  
  62  4:47  Refinery  
  62  4:52  Supply Depot  
  62  5:01  Terran Infantry Armor Level 1, Supply Depot  
  62  5:02  Marine x3  
  62  5:03  SCV x2  
  67  5:15  SCV x2  
  67  5:18  Barracks  
  67  5:19  Barracks  
  67  5:20  Stimpack, Marine, Refinery  
  70  5:21  Marine  
  70  5:22  Marine x2  
  70  5:27  SCV x2  
  70  5:28  Supply Depot  
  75  5:35  Marine  
  76  5:36  Siege Tank  
  76  5:38  Marine  
  76  5:39  SCV x2  
  76  5:40  Supply Depot  
  82  5:44  Marine x3  
  85  5:51  Missile Turret  
  85  5:52  SCV  
  85  5:53  Marine  
  85  5:56  Marine, SCV  
  89  6:06  SCV  
  89  6:07  Barracks Tech Lab x2  
  89  6:08  Siege Tank  
  89  6:09  SCV  
  94  6:12  Supply Depot  
  94  6:15  Marine x5  
  94  6:16  Supply Depot  
  101  6:19  SCV  
  101  6:20  Starport Reactor  
  101  6:22  SCV  
  101  6:27  Supply Depot  
  102  6:32  SCV  
  102  6:33  Marine  
  102  6:34  Marauder x2, Marine, SCV  
  102  6:38  Supply Depot  
  102  6:39  Combat Shield  
  109  6:40  Siege Tank  
  109  6:41  Concussive Shells  
  109  6:45  Marauder  
  114  6:51  Supply Depot  
  114  6:53  Marine  
  115  6:55  Marauder  
  115  6:56  Medivac x2  
  115  6:58  Marine  
  115  7:01  Marauder  
  124  7:05  Armory  
  124  7:07  Marauder  
  126  7:15  Supply Depot  
  126  7:16  Marauder  
  126  7:22  Marine x4  
  132  7:26  Medivac x2  
  132  7:27  Marine  
  132  7:28  Marine, Supply Depot  
  138  7:35  Siege Tank  
  141  7:38  Marauder, Missile Turret  
  141  7:40  Marine x2  
  141  7:42  Supply Depot  
  141  7:43  Marine x2  
  147  7:45  Marauder  
  147  7:48  Marine  
  147  7:49  Supply Depot  
  150  7:57  Marine  
  150  7:58  Marine  
  152  7:59  Marauder  
  154  8:06  Marauder, Marine  
  154  8:07  Marauder  
  159  8:13  Marine  
  159  8:18  Medivac  
  162  8:20  Marauder  
  164  8:28  Marauder x2  
  164  8:32  Marine x2  
  164  8:33  Marine x2  
  128  8:42  Marauder  
  124  8:49  Marauder x2, Marine  
  124  8:50  Medivac  
  124  8:54  Marine x2  
  124  8:55  Medivac  
  127  9:02  Marine  
  128  9:03  Marauder  
  128  9:09  Marine  
  131  9:11  Marauder x2  
  131  9:12  Marine x2  
  131  9:15  Command Center  
  137  9:18  Siege Tank  
  140  9:25  Marauder, Supply Depot  
  142  9:32  Marauder x2  
  142  9:35  Marine  
  142  9:36  Marine x2  
  142  9:37  Marine  
Show
View Real Time Build Order
Export as new Build Order

AzNSuPaHeWo Zerg 

Build Orders: Pool First, Roach Hydra 

Get SALT Encoding   

  12  0:00  Drone  
  13  0:12  Overlord  
  13  0:18  Drone  
  14  0:30  Drone  
  14  0:31  Drone  
  14  0:34  Drone  
  17  0:44  Extractor  
  17  0:45  Drone  
  17  0:50  Spawning Pool  
  17  0:55  Drone  
  17  1:16  Hatchery  
  17  1:18  Drone  
  17  1:19  Drone  
  18  1:33  Drone  
  18  1:37  Queen  
  21  1:45  Overlord  
  21  1:50  Drone  
  21  1:53  Metabolic Boost  
  22  2:06  Baneling Nest  
  21  2:10  Drone  
  21  2:11  Drone  
  23  2:23  Drone  
  23  2:29  Zergling x2  
  25  2:32  Zergling x2  
  25  2:35  Queen  
  28  2:41  Drone  
  29  2:51  Hatchery  
  29  2:54  Zergling x2  
  29  2:58  Baneling x2  
  29  3:00  Zergling x2  
  29  3:02  Zergling x2  
  31  3:07  Drone x2  
  31  3:10  Drone  
  34  3:16  Evolution Chamber  
  34  3:17  Zergling x2  
  34  3:20  Drone  
  34  3:25  Drone  
  36  3:30  Overlord  
  36  3:41  Zergling x2  
  36  3:43  Baneling x2  
  36  3:47  Overlord  
  36  3:52  Drone  
  36  3:53  Roach Warren  
  36  3:58  Drone x2  
  36  4:01  Drone  
  36  4:02  Drone  
  40  4:05  Zerg Missile Weapons Level 1  
  40  4:09  Spore Crawler, Drone  
  40  4:13  Spore Crawler  
  39  4:18  Drone x3  
  39  4:22  Drone  
  39  4:23  Drone  
  44  4:32  Drone x4  
  48  4:39  Drone x3  
  48  4:40  Drone  
  52  4:45  Lair  
  52  4:51  Extractor  
  52  4:52  Drone x3  
  54  4:55  Extractor  
  53  5:03  Drone  
  53  5:04  Drone x4  
  58  5:14  Overlord x4  
  58  5:15  Overlord  
  58  5:18  Overlord  
  57  5:33  Drone x4  
  57  5:34  Overlord  
  60  5:36  Roach  
  60  5:37  Roach  
  64  5:43  Roach x4  
  64  5:44  Queen  
  64  5:47  Drone x2  
  64  5:49  Overlord  
  75  6:00  Glial Reconstitution, Zerg Missile Weapons Level 2  
  75  6:03  Roach x3  
  75  6:04  Roach  
  83  6:06  Drone x2  
  85  6:13  Extractor  
  85  6:15  Drone x3  
  85  6:17  Roach x2  
  90  6:24  Drone  
  90  6:25  Drone x2  
  93  6:31  Roach  
  95  6:33  Roach  
  95  6:34  Hydralisk Den, Roach x2  
  95  6:35  Hatchery  
  95  6:38  Drone x3  
  95  6:39  Drone  
  103  6:41  Extractor  
  103  6:44  Roach x2  
  106  6:47  Roach  
  108  6:54  Roach  
  108  6:55  Evolution Chamber, Zergling x4  
  108  6:56  Infestation Pit  
  108  6:57  Drone x2  
  112  7:01  Roach  
  112  7:02  Roach, Zergling x2, Extractor  
  112  7:03  Zergling x2  
  112  7:06  Drone x3  
  120  7:08  Drone  
  120  7:09  Drone  
  122  7:21  Roach  
  122  7:25  Overlord x2  
  122  7:27  Zerg Ground Armor Level 1  
  122  7:28  Grooved Spines  
  122  7:39  Hive  
  122  7:40  Overlord x2  
  122  7:41  Overlord x2  
  122  7:42  Extractor  
  121  7:45  Extractor  
  121  7:46  Roach  
  121  7:47  Roach x4  
  130  7:54  Roach x2  
  130  7:55  Roach x2  
  130  7:56  Drone x2  
  140  8:00  Hydralisk x2  
  140  8:05  Hydralisk x2  
  148  8:15  Roach x3, Zergling x6  
  148  8:18  Muscular Augments  
  157  8:23  Lurker Den  
  133  8:54  Drone x13  
  133  8:55  Drone x2  
  137  9:12  Hydralisk  
  137  9:13  Hydralisk x5  
  143  9:22  Hydralisk  
  143  9:23  Hydralisk x3  
  149  9:25  Lurker  
  149  9:30  Lurker x2  
  152  9:31  Hydralisk  
  152  9:32  Hydralisk x5  
  164  9:48  Hatchery  
Show
View Real Time Build Order
Export as new Build Order

Watermeloann Zerg 

Build Orders: Hatch First 

Get SALT Encoding   

  12  0:00  Drone  
  13  0:12  Overlord  
  13  0:18  Drone  
  14  0:31  Drone x2  
  16  0:50  Drone  
  16  0:52  Hatchery  
  16  0:54  Drone  
  17  1:02  Drone  
  18  1:09  Extractor  
  17  1:15  Spawning Pool  
  17  1:17  Drone  
  17  1:20  Drone  
  18  1:29  Drone  
  19  1:39  Drone  
  20  1:49  Overlord  
  20  2:02  Queen  
  20  2:04  Queen  
  20  2:05  Zergling x4  
  26  2:12  Metabolic Boost  
  26  2:14  Drone  
  26  2:15  Drone  
  28  2:22  Drone  
  29  2:33  Baneling Nest, Drone x2  
  30  2:38  Zergling x2  
  31  2:55  Hatchery  
  31  2:58  Zergling x6  
  33  3:03  Drone  
  34  3:06  Overlord  
  34  3:14  Drone  
  34  3:15  Drone  
  34  3:17  Baneling x4  
  34  3:18  Baneling  
  36  3:25  Drone  
  36  3:26  Drone x2  
  39  3:28  Zergling x2  
  39  3:32  Zergling x4  
  42  3:44  Drone x2  
  42  3:45  Roach Warren  
  42  3:47  Drone  
  44  3:58  Overlord x2  
  44  4:02  Lair  
  44  4:08  Queen  
  46  4:10  Drone  
  46  4:13  Extractor  
  46  4:16  Drone  
  48  4:17  Drone x2  
  48  4:21  Drone x2  
  48  4:23  Drone  
  52  4:26  Drone  
  53  4:36  Drone  
  53  4:37  Drone x5  
  59  4:40  Drone  
  59  4:41  Extractor  
  59  4:43  Overlord  
  59  4:50  Drone  
  60  4:54  Drone x2  
  60  4:55  Drone x2, Extractor  
  60  4:57  Evolution Chamber  
  61  5:13  Glial Reconstitution  
  61  5:14  Drone  
  61  5:15  Drone x7  
  61  5:16  Drone x2  
  61  5:20  Centrifugal Hooks  
  71  5:23  Overlord  
  71  5:31  Roach  
  71  5:35  Zerg Missile Weapons Level 1  
  73  5:36  Overlord  
  73  5:37  Evolution Chamber, Overlord  
  73  5:38  Drone  
  73  5:41  Baneling  
  73  5:42  Baneling  
  73  5:50  Drone x4  
  73  5:53  Roach, Hatchery  
  73  5:54  Roach  
  73  5:56  Overlord  
  80  6:00  Roach x2  
  84  6:06  Zerg Ground Armor Level 1  
  84  6:07  Roach  
  84  6:08  Roach  
  84  6:10  Roach  
  90  6:13  Drone  
  90  6:14  Drone x2, Extractor  
  90  6:15  Drone  
  90  6:18  Roach  
  95  6:19  Roach  
  95  6:22  Ravager x3  
  101  6:25  Drone  
  101  6:26  Overlord x2  
  101  6:27  Extractor  
  101  6:30  Drone x3  
  103  6:38  Roach  
  105  6:46  Baneling  
  105  6:47  Baneling x5  
  105  6:48  Roach, Baneling x4  
  105  6:49  Roach x2  
  105  6:50  Drone  
  105  6:51  Drone x5  
  105  6:53  Overlord  
  117  6:57  Roach x2  
  121  7:04  Spore Crawler  
  121  7:05  Ravager  
  121  7:06  Overseer  
  121  7:11  Roach x5  
  121  7:12  Roach  
  133  7:16  Roach  
  135  7:24  Overlord x2  
  135  7:28  Overlord x3  
  135  7:35  Overlord  
  135  7:36  Overlord  
  135  7:39  Infestation Pit, Zerg Missile Weapons Level 2  
  135  7:41  Drone  
  135  7:43  Drone x11  
  146  7:45  Ravager x3  
  146  7:47  Roach x2  
  146  7:49  Drone  
  154  7:51  Queen  
  154  7:53  Roach  
  154  7:55  Roach  
  160  7:59  Roach x2  
  160  8:04  Roach  
  160  8:05  Roach x3  
  172  8:10  Extractor  
  172  8:11  Extractor  
  172  8:12  Roach x2  
  174  8:16  Hive  
  132  8:43  Roach  
  115  8:49  Roach x13  
  115  8:50  Roach x4  
  115  8:53  Roach  
  115  8:54  Roach x2  
  133  9:01  Roach  
  133  9:02  Roach x2  
  133  9:04  Roach  
  134  9:12  Roach x3  
  140  9:20  Drone  
  141  9:26  Ravager x4  
  141  9:27  Queen  
  141  9:28  Drone x3  
  150  9:32  Hatchery  
  150  9:34  Ultralisk Cavern  
  150  9:36  Roach x5  
  158  9:43  Roach x6  
  158  9:45  Overlord  
Show
View Real Time Build Order
Export as new Build Order

xetech Protoss 

Build Orders: 1 Gate Expand, Blink Stalkers, Colossus Rush 

Get SALT Encoding   

  12  0:00  Probe  
  13  0:12  Probe  
  14  0:16  Pylon  
  14  0:24  Probe  
  15  0:32  Probe  
  15  0:38  Gateway  
  15  0:40  Probe  
  17  0:50  Assimilator  
  17  0:51  Probe  
  18  1:03  Probe  
  19  1:15  Probe  
  20  1:27  Probe  
  20  1:28  Cybernetics Core  
  21  1:44  Nexus  
  21  1:51  Assimilator  
  21  1:54  Pylon  
  21  1:55  Probe  
  21  2:01  Stalker  
  22  2:07  Probe  
  23  2:09  Warp Gate  
  25  2:19  Probe  
  25  2:28  Stalker  
  25  2:34  Twilight Council  
  27  2:37  Probe  
  28  2:48  Probe  
  28  2:51  Blink  
  29  2:53  Probe  
  29  2:56  Probe  
  30  3:01  Stalker, Probe  
  30  3:04  Probe  
  34  3:10  Probe  
  35  3:16  Probe  
  37  3:22  Probe  
  38  3:28  Probe  
  38  3:31  Robotics Facility  
  39  3:34  Probe  
  39  3:40  Gateway  
  40  3:45  Probe  
  40  3:46  Gateway  
  41  3:53  Gateway  
  41  3:54  Probe  
  42  3:57  Probe  
  42  3:58  Pylon  
  43  4:04  Stalker  
  43  4:06  Probe  
  46  4:12  Pylon  
  46  4:14  Observer  
  46  4:16  Probe  
  47  4:18  Probe  
  49  4:28  Stalker, Probe  
  49  4:31  Observer, Probe  
  53  4:38  Stalker  
  56  4:40  Probe  
  56  4:44  Stalker  
  59  4:46  Gateway  
  59  4:49  Probe  
  59  4:51  Assimilator  
  60  4:59  Probe  
  60  5:08  Robotics Bay, Pylon, Probe  
  60  5:09  Charge  
  61  5:18  Probe  
  61  5:20  Nexus, Assimilator  
  62  5:21  Pylon  
  62  5:27  Pylon  
  62  5:33  Stalker  
  62  5:35  Probe  
  65  5:41  Probe  
  66  5:43  Pylon  
  66  5:47  Probe  
  66  5:49  Forge  
  67  5:51  Colossus  
  67  5:56  Stalker x3  
  73  5:57  Probe  
  73  5:59  Probe  
  75  6:10  Probe  
  81  6:12  Probe  
  81  6:13  Protoss Ground Weapons Level 1  
  82  6:18  Zealot x2  
  82  6:21  Extended Thermal Lance  
  82  6:22  Probe  
  87  6:26  Gateway x2  
  87  6:28  Probe  
  88  6:34  Probe  
  88  6:36  Colossus  
  88  6:37  Zealot  
  88  6:38  Zealot  
  88  6:39  Probe  
  94  6:42  Probe  
  94  6:46  Probe  
  96  6:53  Pylon  
  102  6:55  Pylon, Probe  
  102  6:59  Probe  
  104  7:03  Probe  
  104  7:06  Assimilator  
  105  7:09  Zealot x2  
  109  7:19  Zealot x3, Pylon  
  109  7:21  Colossus  
  115  7:27  Probe x3  
  118  7:32  Assimilator  
  124  7:37  Pylon  
  124  7:39  Probe x2  
  124  7:42  Probe  
  127  7:51  Probe  
  128  7:53  Zealot x2  
  128  7:54  Nexus  
  128  7:57  Gateway  
  128  7:58  Probe  
  132  8:01  Pylon  
  132  8:04  Stargate, Probe  
  133  8:10  Shield Battery  
  133  8:12  Photon Cannon  
  133  8:15  Stalker x4  
  129  8:28  Pylon  
  117  8:35  Colossus, Stalker  
  117  8:36  Stalker x2  
  97  8:48  Stalker x4  
  99  9:00  Stalker x4  
  107  9:04  Probe x2  
  107  9:22  Fleet Beacon  
  107  9:23  Stalker  
  107  9:24  Stalker x3  
  113  9:26  Probe  
  113  9:28  Probe  
  113  9:29  Probe  
  122  9:39  Stalker x4  
  96  9:54  Stalker x3  
Tags
 
Add a new tag
Caveats
  • Supply blocks, unpowered buildings, or Contaminate may cause inaccurate times.
  • Supply counts are checked every 10 seconds.